 Dungeon Crawl Stone Soup version 0.28-a0-519-gbfeecf2fc5 (webtiles) character file.

Game seed: 15624089223145377124

716 robertstho the Skirmisher (level 7, -2/61 HPs)
             Began as a Pale Draconian Berserker on Sept 23, 2021.
             Was a Priest of Trog.
             Slain by Menkaure (20 damage)
             ... in an ossuary.
             The game lasted 00:05:44 (4561 turns).

robertstho the Skirmisher (DrBe)                    Turns: 4561, Time: 00:05:45

Health: -2/61      AC:  6    Str: 21    XL:     7   Next: 41%
Magic:  7/7        EV: 13    Int:  7    God:    Trog [***...]
Gold:   95         SH:  0    Dex: 11    Spells: 6/6 levels left

rFire   . . .      SeeInvis .   a - +0 hand axe
rCold   . . .      Faith    .   (no shield)
rNeg    . . .      Spirit   .   (armour unavailable)
rPois   .          Reflect  .   (helmet restricted)
rElec   .          Harm     .   (no cloak)
rCorr   .          Rampage  .   (no gloves)
Will    .....                   (no boots)
Stlth   ++........              (no amulet)
HPRegen 0.20/turn               c - ring of flight
MPRegen 0.10/turn               (no ring)

@: marked, flying
A: breathe steam, AC +6, unfitting armour, cold-blooded, steam resistance
a: Breathe Steam, Renounce Religion, Berserk, Trog's Hand


You were in an ossuary.
You worshipped Trog.
Trog was most pleased with you.
You visited 1 branch of the dungeon, and saw 4 of its levels.
You also visited: Ossuary.

You collected 173 gold pieces.
You spent 78 gold pieces at shops.

Inventory:

Hand Weapons
 a - a +0 hand axe (weapon)
Jewellery
 c - a ring of flight (left hand)
Scrolls
 d - a scroll of enchant armour
 f - a scroll of immolation
 g - a scroll of fear
 h - a scroll of noise {unknown}
 i - 2 scrolls of amnesia {unknown}
 k - a scroll of identify
Potions
 e - a potion of might {unknown}
 j - a potion of lignification
 l - a potion of flight {unknown}


   Skills:
 * Level 5.6 Fighting
 + Level 5.6 Axes
 * Level 5.1 Dodging
 + Level 1.5 Stealth


You had 6 spell levels left.
You didn't know any spells.
Your spell library was empty.

Dungeon Overview and Level Annotations

Branches:
Dungeon (4/15)            Ossuary (1/1)
 Temple: D:4-7

Altars:
Ashenzari
Dithmenos
Elyvilon
Hepliaklqana
Kikubaaqudgha
Sif Muna
Vehumet
Xom

Shops:
D:2 !

Annotations:
Ossuary Menkaure


Innate Abilities, Weirdness & Mutations

You can breathe blasts of scalding, opaque steam.
Your pale cyan-grey scales are hard. (AC +6)
You cannot fit into any form of body armour.
You are cold-blooded and may be slowed by cold attacks.
You are immune to the effects of steam.


Message History

Menkaure is heavily damaged.
Menkaure hits you! Menkaure hits you.
* * * LOW HITPOINT WARNING * * *
You hit Menkaure.
Menkaure is severely damaged.
Menkaure calls on the powers of darkness!
Your body is wracked with pain!
* * * LOW HITPOINT WARNING * * *
You feel much better. Menkaure hits you!!
* * * LOW HITPOINT WARNING * * *
You barely miss Menkaure.
Menkaure is severely damaged.
Menkaure shouts, "The sands of time shall wipe you from history!"
Menkaure hits you but does no damage.
You hit Menkaure but do no damage.
You tail-slap Menkaure, but do no damage.
Menkaure is severely damaged.
Menkaure barely misses you.
You hit Menkaure but do no damage.
Menkaure is severely damaged.
Your skin stops crawling.
You feel less strong-willed.
Menkaure shouts, "Why can't you leave me to my rest?"
Menkaure hits you!
* * * LOW HITPOINT WARNING * * *
Menkaure hits you but does no damage.
You feel much better.
A mummy comes into view.
Menkaure hits you!
You hit Menkaure.
Menkaure is severely damaged.
Menkaure barely misses you.
You hit Menkaure.
Menkaure is almost destroyed.
Menkaure gestures at you while chanting.
Pain shoots through your body!
* * * LOW HITPOINT WARNING * * *
You completely miss Menkaure.
Your tail-slap misses Menkaure.
Menkaure is almost destroyed.
Menkaure hits you!!
You die...

##..##..##..####..##..#
##..##..##..## ##..##..
##..##..##..## ##..##.
##..##..##..## ##..##
##^.##..##..## ##..#
##..##..##..## ##..
##..##..##.^## ##.
##..##..##..######### ##
##.^##..##....@MZ...M. #
##..##..########################
##..##...........................
#..##############################
.................................
#################################


You could see Menkaure (fast), a mummy and a kobold skeleton.

Vanquished Creatures
  Grinder (D:3)
  A necrophage (D:4)
  An ogre (D:4)
  An orc priest (D:3)
  A hound (D:4)
  Jessica (D:3)
  An iguana (D:4)
  An orc wizard (D:3)
  Natasha (twice) (D:3)
  A mummy (Ossuary)
  5 adders
  A worm (D:2)
  7 orcs
  6 ball pythons
  6 bats
  8 endoplasms
  4 gnoll zombies (Ossuary)
  6 goblins
  4 hobgoblins
  5 jackals (D:1)
  2 kobolds (D:1)
  5 quokkas
  A frilled lizard (D:2)
  2 gnoll skeletons (Ossuary)
  3 goblin skeletons (Ossuary)
  2 goblin zombies (Ossuary)
  3 hobgoblin skeletons (Ossuary)
  7 hobgoblin zombies (Ossuary)
  2 kobold skeletons (Ossuary)
  2 kobold zombies (Ossuary)
  8 orc skeletons (Ossuary)
  4 orc zombies (Ossuary)
  6 rats
  6 rat skeletons (Ossuary)
  5 rat zombies (Ossuary)
121 creatures vanquished.

Notes
Turn   | Place    | Note
-------+----------+-------------------------------------------
     0 | D:1      | robertstho the Draconian Berserker began the quest for the
                  | Orb.
     0 | D:1      | Reached XP level 1. HP: 19/19 MP: 1/1
   247 | D:1      | Reached XP level 2. HP: 16/26 MP: 2/2
   680 | D:1      | Reached XP level 3. HP: 30/33 MP: 3/3
  1267 | D:2      | Reached ** piety under Trog
  1269 | D:2      | Found Yschoxuge's Distillery.
  1277 | D:2      | Bought a potion of degeneration for 13 gold pieces
  1277 | D:2      | Bought a potion of heal wounds for 65 gold pieces
  2275 | D:3      | Noticed Natasha
  2275 | D:3      | Found a hazy altar of Hepliaklqana.
  2275 | D:3      | Found a broken altar of Ashenzari.
  2285 | D:3      | Killed Natasha
  2286 | D:3      | Reached XP level 4. HP: 40/40 MP: 4/4
  2288 | D:3      | Found a shimmering altar of Xom.
  2615 | D:3      | Reached XP level 5. HP: 46/46 MP: 5/5
  2874 | D:3      | Found a faded altar of an unknown god.
  2894 | D:3      | Noticed Grinder
  2897 | D:3      | Paralysed by Grinder for 6 turns
  2906 | D:3      | Paralysed by Grinder for 5 turns
  2933 | D:3      | Killed Grinder
  2934 | D:3      | Reached skill level 1 in Stealth
  2934 | D:3      | Reached XP level 6. HP: 22/53 MP: 6/6
  3309 | D:3      | Noticed Jessica
  3319 | D:3      | Killed Jessica
  3320 | D:3      | Reached skill level 5 in Axes
  3457 | D:3      | Found a shadowy altar of Dithmenos.
  3462 | D:3      | Noticed Natasha
  3474 | D:3      | Killed Natasha
  3475 | D:3      | Reached skill level 5 in Fighting
  3957 | D:4      | Found an ancient bone altar of Kikubaaqudgha.
  3958 | D:4      | Found a radiant altar of Vehumet.
  3958 | D:4      | Found a shimmering blue altar of Sif Muna.
  3959 | D:4      | Found a white marble altar of Elyvilon.
  3990 | D:4      | Your scales start taking on a pale cyan-grey colour.
  3990 | D:4      | Reached XP level 7. HP: 53/61 MP: 7/7
  3990 | D:4      | Gained mutation: You are immune to the effects of steam.
                  | [Pale Draconian growth]
  4139 | D:4      | Reached skill level 5 in Dodging
  4155 | D:4      | Found a sand-covered staircase.
  4162 | Ossuary  | Entered an ossuary
  4328 | Ossuary  | Reached *** piety under Trog
  4540 | Ossuary  | Noticed Menkaure
  4561 | Ossuary  | Slain by Menkaure

Illustrated notes

Levels and vault maps discovered:
D:1:      amcnicky_arrival_choice, layout_basic, minivault_19
D:2:      layout_basic, serial_shops, shop, minmay_tiny_reverse_x
D:3:      layout_basic, grunt_temple_overflow_open,
          nicolae_dithmenos_the_darkroom,
          dreamdust_ecumenical_altar_hidden_monk_grotto, uniq_jessica,
          uniq_natasha, uniq_grinder
D:4:      layout_basic, chequers_temple_overflow_statue_of_worship,
          eat_drink_and_be_merry_uskayaw, enter_ossuary_4,
          serial_co_window_serial, co_window_paths_b, co_window_paths_a,
          co_window_paths_b, co_window_paths_b, co_window_corner_a,
          co_window_of_opportunity_c, co_window_of_opportunity_b,
          co_window_cross_4, co_window_corner_b, co_window_paths_e,
          glass_columns_a, glass_columns_a, glass_columns_a, glass_columns_a,
          glass_columns_a
Ossuary:  ossuary_due_pyramid

Skill      XL: |  1  2  3  4  5  6  7 |
---------------+----------------------+-----
Dodging        | 3 4 5 |  5.1
Fighting       | 4 5 |  5.6
Axes           | 4 5 |  5.6
Stealth        | 1 |  1.5

Action                   |  1- 3 |  4- 6 |  7- 9 || total
-------------------------+-------+-------+-------++-------
Melee: Hand axe          |   129 |   131 |   133 ||   393
       Tailslap          |    12 |    17 |    20 ||    49
Invok: Berserk           |     1 |     4 |     2 ||     7
       Trog's Hand       |       |     1 |     1 ||     2
 Abil: Breathe Steam     |       |       |     1 ||     1
  Use: Scroll            |       |     4 |       ||     4
       Potion            |       |       |     3 ||     3
 Stab: Sleeping          |     2 |       |       ||     2
Armor: Skin              |    35 |    27 |    23 ||    85
Dodge: Dodged            |    90 |    90 |    71 ||   251

Table legend: (Time is in decaauts)
 A = Elapsed time spent in this place.
 B = Non-inter-level travel time spent in this place.
 C = Inter-level travel time spent in this place.
 D = Time resting spent in this place.
 E = Time spent auto-exploring this place.
 F = Levels seen in this place.
 G = Mean time per level.
                   A        B        C        D        E       F      G
               +--------+--------+--------+--------+--------+-----+--------+
         Total |   4668 |   4520 |    148 |    645 |   2951 |   5 |  933.6 |
       Dungeon |   4252 |   4104 |    148 |    645 |   2829 |   4 | 1063.0 |
       Ossuary |    415 |    415 |      0 |      0 |    122 |   1 |  415.0 |
               +--------+--------+--------+--------+--------+-----+--------+

Top non-repeatable levels by time:
     D:2: 1605 daAuts
     D:3: 1180 daAuts
     D:1: 1162 daAuts
 Ossuary: 415 daAuts
     D:4: 304 daAuts
